 Dungeon Crawl Stone Soup version 0.30-a0-170-g85af917532 (webtiles) character file.

Game seed: 7182936360837197186

393 qw the Chopper (level 6, -3/38 HPs)
             Began as a Gargoyle Fighter on Sept 30, 2022.
             Killed from afar by Blork the orc (8 damage)
             ... with a puff of frost
             ... on level 4 of the Dungeon.
             The game lasted 00:01:02 (3744 turns).

qw the Chopper (Gargoyle Fighter)                   Turns: 3744, Time: 00:01:02

Health: -3/38      AC: 13    Str: 21    XL:     6   Next: 81%
Magic:  6/6        EV:  8    Int:  9    God:
Gold:   157        SH:  5    Dex: 15    Spells: 5/5 levels left

rFire   . . .      SeeInvis .    Y - +0 war axe
rCold   . . .      Faith    .    c - +0 buckler
rNeg    + . .      Spirit   .    g - +0 chain mail
rPois   inf        Reflect  .    (no helmet)
rElec   +          Harm     .    (no cloak)
rCorr   +          Rampage  .    (no gloves)
Will    .....                    (no boots)
Stlth   ..........               (no amulet)
HPRegen 0.12/turn                h - ring of resist corrosion
MPRegen 0.10/turn                m - +6 ring of dexterity

@: no status effects
A: sickness immunity, AC +4, negative energy resistance 1, electricity
resistance, torment resistance 1, petrification resistance
a: no special abilities


You were on level 4 of the Dungeon.
You visited 1 branch of the dungeon, and saw 4 of its levels.

You collected 157 gold pieces.


Innate Abilities, Weirdness & Mutations

You are immune to sickness and miasma.
Your stone body is resilient. (AC +4)
You are immune to poison.
You resist negative energy. (rN+)
You are resistant to electric shocks. (rElec)
You are resistant to unholy torment.
You are immune to petrification.


   Skills:
 + Level 3.8 Fighting
 - Level 5.0 Axes
 - Level 3.2 Armour
 - Level 3.0 Dodging
 - Level 3.2 Shields


You had 5 spell levels left.
You didn't know any spells.
Your spell library was empty.

Inventory:

Hand Weapons
 p - a +0 whip
 Y - a +0 war axe (weapon)
Missiles
 i - 6 boomerangs (quivered)
Armour
 c - a +0 buckler (worn)
 g - a +0 chain mail (worn)
Jewellery
 b - a ring of ice
 h - a ring of resist corrosion (left hand)
 k - a ring of resist corrosion
 m - a +6 ring of dexterity (right hand)
 q - a ring of wizardry
Scrolls
 a - a scroll of identify
Potions
 d - 3 potions of might
 e - a potion of degeneration {unknown}
 f - a potion of lignification {unknown}
 j - a potion of berserk rage {unknown}
 l - a potion of resistance {unknown}
 n - a potion of haste {unknown}
 o - a potion of magic {unknown}

Dungeon Overview and Level Annotations

Branches:
Dungeon (4/15)             Temple (0/1) D:4

Altars:
Yredelemnul

Shops:
D:2 :

Annotations:
D:3 1 runed translucent door, Crazy Yiuf
D:4 Blork the orc


Message History

The gnoll barely misses you.
A goblin comes into view. It is wielding a +0 club.
3737 ||| Stepping ~*~*~tactically~*~*~ (stealth).
Found a staircase to the Ecumenical Temple.
3738 ||| PLANNING TEMPLE You completely miss the gnoll.
The gnoll is moderately wounded.
You hit the gnoll but do no damage. The gnoll hits you but does no damage.
You block the gnoll's attack.
You closely miss the gnoll.
The gnoll is moderately wounded.
You slash the gnoll!
You kill the gnoll!
Blork the orc casts a spell at you. The puff of flame misses you.
You block the gnoll's attack.
You barely miss the gnoll.
The gnoll is moderately wounded.
The gnoll hits you but does no damage.
Blork the orc hits you with a +2 long sword of pain!
The gnoll misses you.
You barely miss the gnoll.
The gnoll is moderately wounded.
You hit Blork the orc but do no damage. Blork the orc misses you.
You block the gnoll's attack.
You hit the gnoll.
The gnoll is severely wounded.
You closely miss Blork the orc. You block Blork the orc's attack.
The gnoll hits you but does no damage.
You hit the gnoll.
The gnoll is almost dead.
You closely miss Blork the orc.
Blork the orc miscasts a cantrip.
The gnoll hits you with a +0 club. You block Blork the orc's attack.
The gnoll hits you but does no damage.
You slash the gnoll!
You kill the gnoll!
You hit Blork the orc. Blork the orc casts a spell at you.
The puff of frost hits you!
You die...

##......777P..7 7P.
#.........P......P.
#..................
#......#.......#...
#......#...... ...
##### ##<....#......
[..
#.....##.....#......
... #.....#......#
... ...
#.....')@....# ...
#.....)o.....# ...
#...##.##.##.# ...
#.. #.. .....# ...
#. .... ....... +
..#.. ..}..#.
#...#.. .....# #..
... >..... #. #.g


You could see Blork the orc.

Vanquished Creatures
  Grinder (D:3)
  An orc priest (D:3)
  Ijyb (D:3)
  2 orc wizards (D:3)
  3 gnolls (D:4)
  2 adders
  A worm (D:2)
  A dart slug (D:3)
  7 orcs
  4 bats
  6 endoplasms
  2 giant cockroaches
  2 goblins
  2 hobgoblins (D:3)
  2 jackals (D:1)
  3 quokkas
  7 ball pythons
  5 frilled lizards
  3 kobolds
  5 rats
60 creatures vanquished.

Vanquished Creatures (others)
  3 plants (D:4)
3 creatures vanquished.

Grand Total: 63 creatures vanquished

Notes
Turn   | Place    | Note
-------+----------+-------------------------------------------
     0 | D:1      | qw the Gargoyle Fighter began the quest for the Orb.
     0 | D:1      | Reached XP level 1. HP: 14/14 MP: 1/1
     0 | D:1      | 0 ||| qw: Version: 0.2-a-12-gaebbb33
     0 | D:1      | 0 ||| qw: Game counter: 1543
     0 | D:1      | 0 ||| qw: Always use a shield: true
     0 | D:1      | 0 ||| qw: God list: Okawaru
     0 | D:1      | 0 ||| qw: Allow faded altars: false
     0 | D:1      | 0 ||| qw: Do Orc after D:15 true
     0 | D:1      | 0 ||| qw: Do second Lair branch before Depths: true
     0 | D:1      | 0 ||| qw: Lair rune preference: random
     0 | D:1      | 0 ||| qw: Plans: Normal, Zot:1-4, God:TSO, Crypt, Tomb,
                  | Pan, Slime:5, Hells, Abyss, Orb
     0 | D:1      | 0 ||| PLANNING D:1-11
   109 | D:1      | Reached skill level 2 in Axes
   344 | D:1      | Found a faded altar of an unknown god.
   668 | D:1      | Reached XP level 2. HP: 17/19 MP: 2/2
   832 | D:1      | 832 ||| Stepping ~*~*~tactically~*~*~ (stealth).
   834 | D:1      | 834 ||| Stepping ~*~*~tactically~*~*~ (stealth).
  1368 | D:1      | 1368 ||| READING 2 scrolls labelled HAUQYX SAWAO.
  1369 | D:1      | 1369 ||| READING scroll labelled DIGIUMM ROSU.
  1370 | D:1      | 1370 ||| READING scroll labelled OCLUTH TUEHITU.
  1371 | D:1      | 1371 ||| READING scroll labelled CEQACU KUAWN.
  1372 | D:1      | 1372 ||| DRINKING 2 red potions.
  1373 | D:1      | 1373 ||| DROPPING potion of flight.
  1587 | D:2      | Reached skill level 3 in Axes
  1626 | D:2      | Reached XP level 3. HP: 23/23 MP: 3/3
  1842 | D:2      | Found Uzuaczyff's Book Shop.
  1950 | D:2      | 1950 ||| UPGRADING to ring of resist corrosion.
  2392 | D:3      | Reached skill level 4 in Axes
  2392 | D:3      | Reached XP level 4. HP: 25/28 MP: 4/4
  2623 | D:3      | Reached XP level 5. HP: 25/32 MP: 5/5
  2687 | D:3      | 2687 ||| DROPPING +0 club.
  2698 | D:3      | Found a basalt altar of Yredelemnul.
  2770 | D:3      | Noticed Ijyb
  2779 | D:3      | Killed Ijyb
  2780 | D:3      | Reached skill level 5 in Axes
  2838 | D:3      | 2838 ||| Stepping ~*~*~tactically~*~*~ (stealth).
  2925 | D:3      | Found a runed translucent door.
  2926 | D:3      | Noticed Crazy Yiuf
  2974 | D:3      | Noticed Grinder
  2980 | D:3      | 2980 ||| Stepping ~*~*~tactically~*~*~ (hiding).
  2981 | D:3      | 2981 ||| Stepping ~*~*~tactically~*~*~ (hiding).
  2984 | D:3      | 2984 ||| FLEEEEING.
  2985 | D:3      | 2985 ||| FLEEEEING.
  2986 | D:3      | 2986 ||| FLEEEEING.
  2987 | D:3      | 2987 ||| FLEEEEING.
  2988 | D:3      | 2988 ||| FLEEEEING.
  2991 | D:3      | 2991 ||| FLEEEEING.
  2999 | D:3      | 2999 ||| STAIRDANCE
  3134 | D:2      | 3134 ||| UPGRADING to +0 chain mail.
  3144 | D:2      | 3144 ||| DROPPING +0 scale mail.
  3145 | D:2      | 3145 ||| UPGRADING to +6 ring of dexterity.
  3146 | D:2      | 3146 ||| READING scroll labelled XIMEUL YKIACH.
  3147 | D:2      | 3147 ||| READING scroll labelled TOAZXAUHEY.
  3169 | D:3      | Killed Grinder
  3170 | D:3      | Reached skill level 3 in Dodging
  3170 | D:3      | Reached XP level 6. HP: 17/37 MP: 6/6
  3262 | D:3      | 3262 ||| FLEEEEING.
  3263 | D:3      | 3263 ||| FLEEEEING.
  3264 | D:3      | 3264 ||| STAIRDANCE
  3348 | D:3      | 3348 ||| Stepping ~*~*~tactically~*~*~ (stealth).
  3349 | D:3      | 3349 ||| Stepping ~*~*~tactically~*~*~ (stealth).
  3350 | D:3      | 3350 ||| Stepping ~*~*~tactically~*~*~ (stealth).
  3726 | D:4      | Noticed Blork the orc
  3737 | D:4      | 3737 ||| Stepping ~*~*~tactically~*~*~ (stealth).
  3737 | D:4      | Found a staircase to the Ecumenical Temple.
  3738 | D:4      | 3738 ||| PLANNING TEMPLE
  3740 | D:4      | HP: 8/38 [Blork the orc/+2 long sword of pain (7)]
  3744 | D:4      | Killed from afar by Blork the orc

Levels and vault maps discovered:
D:1:      wander_arrival_chamber, layout_loops_ring,
          hellmonk_ecumenical_altar_crossroads, minivault_23,
          chequers_serial_rivers_room_a, patterned_corridor
D:2:      layout_basic, serial_shops, nicolae_square_shop
D:3:      layout_loops_corners, yredelemnul_altar_generic, uniq_ijyb,
          uniq_grinder, uniq_crazy_yiuf_cottage
D:4:      minmay_recursive_quarters, layout_gridville,
          minmay_temple_entry_large_hall, kennysheep_boxes, uniq_blork_the_orc

Skill      XL: |  1  2  3  4  5 |
---------------+----------------+-----
Axes           | 2 3 4 5 |  5.0
Dodging        | 3 |  3.0
Fighting       | |  3.8
Armour         | |  3.2
Shields        | |  3.2

Action                   |  1- 3 |  4- 6 || total
-------------------------+-------+-------++-------
Melee: War axe           |    84 |   101 ||   185
Throw: Boomerang         |    37 |    19 ||    56
  Use: Scroll            |     4 |     2 ||     6
       Potion            |     1 |       ||     1
Armor: Scale mail        |    36 |    28 ||    64
       Chain mail        |       |    28 ||    28
Dodge: Dodged            |    28 |    37 ||    65
Block: Buckler           |    15 |    23 ||    38

Table legend:
 A = Non-vault XP
 B = Vault XP
 C = Vault XP percentage of total XP
 D = Non-vault monster count
 E = Vault monster count
 F = Vault count percentage of total count
                 A         B        C        D         E       F
            +---------+---------+-------+---------+---------+-------
      Total |     273 |     303 |  52.6 |      58 |       2 |   3.3
            +---------+---------+-------+---------+---------+-------
        D:1 |      21 |       0 |   0.0 |      13 |       0 |   0.0
        D:2 |      30 |       0 |   0.0 |      14 |       0 |   0.0
        D:3 |     164 |     303 |  64.9 |      25 |       2 |   7.4
        D:4 |      58 |       0 |   0.0 |       6 |       0 |   0.0
            +---------+---------+-------+---------+---------+-------
